 Dungeon Crawl Stone Soup version 0.26-a0-21-gf97e55dc39 (webtiles) character file.

Game seed: 6815074060253280255, levelgen mode: deterministic

82 Mrkan the Conjurer (level 4, -8/33 HPs)
             Began as a Draconian Conjurer on May 25, 2020.
             Killed by divine providence
             ... invoked by an orc priest
              (12 damage)
             ... on level 3 of the Dungeon.
             The game lasted 00:03:25 (2523 turns).

Mrkan the Conjurer (Draconian Conjurer)             Turns: 2523, Time: 00:03:25

Health: -8/33      AC:  5    Str: 10    XL:     4   Next: 21%
Magic:  10/10      EV: 12    Int: 15    God:
Gold:   156        SH:  0    Dex: 13    Spells: 10/11 levels left

rFire    . . .     SeeInvis .   (no weapon)
rCold    . . .     Gourm    .   (no shield)
rNeg     . . .     Faith    .   (armour unavailable)
rPois    .         Spirit   .   (helmet restricted)
rElec    .         Reflect  .   (no cloak)
rCorr    .         Harm     .   (no gloves)
MR       .....                  (no boots)
Stlth    ++........             (no amulet)
HPRegen  0.11/turn              (no ring)
MPRegen  0.12/turn              (no ring)

@: no status effects
A: unfitting armour, cold-blooded, AC +5
a: no special abilities


You were on level 3 of the Dungeon.
You were not hungry.

You visited 1 branch of the dungeon, and saw 3 of its levels.

You collected 156 gold pieces.

Inventory:

Scrolls
 a - 4 scrolls of identify {unknown}
 e - a scroll of magic mapping {unknown}
 f - 2 scrolls of teleportation {unknown}
 g - a scroll of enchant armour {unknown}
 i - a scroll of amnesia {unknown}
 k - a scroll of random uselessness {unknown}
Potions
 c - a potion of magic {unknown}
 d - a potion of heal wounds {unknown}
 j - a potion of curing {unknown}
 l - a potion of brilliance {unknown}
Comestibles
 b - 4 rations
 h - a chunk of flesh


   Skills:
 - Level 1.7 Dodging
 - Level 1.7 Stealth
 - Level 4.0 Spellcasting
 + Level 4.3 Conjurations


You had 10 spell levels left.
You knew the following spells:

 Your Spells              Type           Power        Failure   Level  Hunger
a - Magic Dart            Conj           ###.         3%          1    None

Your spell library contained the following spells:

 Spells                   Type           Power        Failure   Level  Hunger
 Searing Ray              Conj           ###...       4%          2    ##.....
 Dazzling Flash           Conj/Hex       #.....       22%         3    ###....
 Fulminant Prism          Conj/Hex       #.........   58%         4    ####...
 Iskenderun's Mystic Bla  Conj/Tloc      #.......     58%         4    ####...


Dungeon Overview and Level Annotations

Branches:
Dungeon (3/15)

Altars:


Innate Abilities, Weirdness & Mutations

Your plain brown scales are hard. (AC +5)
You cannot fit into any form of body armour.
You are cold-blooded and may be slowed by cold attacks.


Message History

The shadow imp shouts, "Scamper home, thou mammering dizzy-eyed joithead!"
The orc priest mumbles some strange prayers to Beogh against you.
Pain shoots through your body! The dart slug launches a dart at you.
The slug dart misses you.
Found a hunting sling.
The goblin shouts!
You hear a bark!
The orc priest casts a cantrip, but nothing happens.
The orc priest looks braver for a moment.
The orc priest invokes the aid of Beogh against you.
Beogh smites you!
Ouch! That really hurt!
You see here 12 stones.
You see here a rat skeleton.
The orc priest invokes the aid of Beogh against you.
Beogh smites you!
* * * LOW HITPOINT WARNING * * *
The orc priest invokes the aid of Beogh against you.
Beogh smites you!
You die...

# #.#.......... #
#.s...o...... #
############# #
#....#### #
#.#.....# #
##.#.....#
###########..#.....#
.÷.......oo.s......#
#####..#.###≈###@..#
##...#.#≈#.#...#
#.###.#≈#.###.##
#.....#≈#.....<#
#.###.#≈#.###..#
#...#.#≈#.#....#
###.###≈###....#
#............#
#..###....)..#


You could see an orc priest, an orc and a giant cockroach.

Vanquished Creatures
  Jessica (D:2)
  2 adders (D:2)
  An ooze (D:2)
  2 dart slugs
  A leopard gecko (D:1)
  2 goblins (D:1)
  2 hobgoblins (D:2)
  A quokka (D:2)
  A ball python (D:1)
  5 bats
  3 frilled lizards
  7 kobolds
  3 rats
31 creatures vanquished.

Notes
Turn   | Place    | Note
-------+----------+-------------------------------------------
     0 | D:1      | Mrkan the Draconian Conjurer began the quest for the Orb.
     0 | D:1      | Reached XP level 1. HP: 14/14 MP: 3/3
   603 | D:1      | Reached XP level 2. HP: 20/20 MP: 3/5
  1514 | D:2      | Reached XP level 3. HP: 26/26 MP: 3/7
  1753 | D:2      | Noticed Jessica
  1761 | D:2      | Killed Jessica
  1947 | D:2      | Reached XP level 4. HP: 33/33 MP: 3/10
  2523 | D:3      | Killed from afar by an orc priest

Illustrated notes

Levels and vault maps discovered:
D:1:      minmay_arrival_up_and_down, layout_loops_corners, hex_tiny
D:2:      layout_basic, first_ration, minmay_close_crescents, uniq_jessica
D:3:      layout_basic, grunt_decor_cap, chequers_serial_rivers_room_a,
          tso_altar

Skill      XL: |  1  2  3 |
---------------+----------+-----
Spellcasting   | 3 4 |  4.0
Dodging        | |  1.7
Stealth        | |  1.7
Conjurations   | |  4.3

Action                   |  1- 3 |  4- 6 || total
-------------------------+-------+-------++-------
Melee: Unarmed           |       |     1 ||     1
       Tailslap          |       |     1 ||     1
 Cast: Magic Dart        |    61 |    15 ||    76
  Eat: Chunk             |     3 |     2 ||     5
Armor: Skin              |     2 |       ||     2
Dodge: Dodged            |     6 |     2 ||     8

Table legend:
 A = Non-vault XP
 B = Vault XP
 C = Vault XP percentage of total XP
 D = Non-vault monster count
 E = Vault monster count
 F = Vault count percentage of total count
                 A         B        C        D         E       F
            +---------+---------+-------+---------+---------+-------
      Total |      71 |      47 |  39.8 |      27 |       4 |  12.9
            +---------+---------+-------+---------+---------+-------
        D:1 |      15 |       0 |   0.0 |      10 |       0 |   0.0
        D:2 |      50 |      47 |  48.5 |      14 |       4 |  22.2
        D:3 |       6 |       0 |   0.0 |       3 |       0 |   0.0
            +---------+---------+-------+---------+---------+-------
